[ AOE2 MATCH · #477289065 ]
Team RMMagyars vs Huns
[ REPLAY ANALYSIS · EXTRACTED FROM THE RECORDED GAME ]
Feudal
6:51
Castle
11:56
Imperial
28:16
| APM avg | 19.6 |
| APM peak | 55 |
| eAPM avg | 13.6 |
| Villagers / military | 114 / 643 |
Focus
⚔️ 32.2% · 🌾 67.8%
Magyar Huszar ×637 · Battering Ram ×6
Feudal
8:41
Castle
14:00
Imperial
28:36
| APM avg | 18.9 |
| APM peak | 62 |
| eAPM avg | 9.0 |
| Villagers / military | 91 / 227 |
Focus
⚔️ 28.8% · 🌾 71.2%
Conquistador ×198 · Trade Cart ×30 · Battering Ram ×20 · Trebuchet (Packed) ×7 · Missionary ×2
Feudal
13:49
Castle
23:09
Imperial
38:32
| APM avg | 9.2 |
| APM peak | 46 |
| eAPM avg | 6.6 |
| Villagers / military | 98 / 133 |
Focus
⚔️ 47.6% · 🌾 52.4%
Spearman ×62 · Militia ×31 · Trade Cart ×21 · Monk ×15 · Knight ×13 · Scout Cavalry ×12
Feudal
7:45
Castle
13:12
Imperial
27:52
| APM avg | 30.9 |
| APM peak | 65 |
| eAPM avg | 13.4 |
| Villagers / military | 76 / 498 |
Focus
⚔️ 40.6% · 🌾 59.4%
Camel Scout ×324 · Hand Cannoneer ×164 · Trade Cart ×19 · Trebuchet (Packed) ×9 · Monk ×1
Feudal
—
Castle
—
Imperial
—
| APM avg | 21.1 |
| APM peak | 63 |
| eAPM avg | 16.5 |
| Villagers / military | 107 / 979 |
Focus
⚔️ 51.5% · 🌾 48.5%
Longbowman ×441 · Spearman ×323 · Militia ×185 · Trade Cart ×15 · Monk ×14 · Knight ×6
Feudal
7:28
Castle
18:39
Imperial
33:37
| APM avg | 9.4 |
| APM peak | 25 |
| eAPM avg | 7.9 |
| Villagers / military | 141 / 279 |
Focus
⚔️ 25.1% · 🌾 74.9%
War Elephant ×275 · Trade Cart ×48 · Scout Cavalry ×3 · Monk ×1
Feudal
9:46
Castle
19:07
Imperial
29:55
| APM avg | 17.9 |
| APM peak | 47 |
| eAPM avg | 16.6 |
| Villagers / military | 233 / 433 |
Focus
⚔️ 49.2% · 🌾 50.8%
Spearman ×309 · Skirmisher ×43 · Militia ×43 · Scout Cavalry ×24 · Mangonel ×14 · Trade Cart ×11
Feudal
—
Castle
—
Imperial
—
| APM avg | 10.6 |
| APM peak | 58 |
| eAPM avg | 8.8 |
| Villagers / military | 64 / 351 |
Focus
⚔️ 66.7% · 🌾 33.3%
Spearman ×159 · Skirmisher ×86 · Elephant Archer ×39 · Battle Elephant ×26 · Ratha (Ranged) ×21 · Trade Cart ×14
Match map
Resources at game start + every placement click. Thick line = wall · dashed box = detected house wall. 🟡 gold · ⚪ stone · 🟢 berries · 🔶 boar · ⭕ relic
Inputs per minute
— 喜多川海梦 - - 家恒
Build order — 喜多川海梦
First 150 of 446 actions detected
| 0:27 | Build | Mill |
| 0:41 | Build | Lumber Camp |
| 0:50 | Create | Villager (Male) |
| 0:50 | Create | Villager (Male) |
| 0:50 | Create | Villager (Male) |
| 0:51 | Create | Villager (Male) |
| 0:51 | Create | Villager (Male) |
| 0:51 | Create | Villager (Male) |
| 1:43 | Create | Villager (Male) |
| 1:43 | Create | Villager (Male) |
| 1:44 | Create | Villager (Male) |
| 3:43 | Create | Villager (Male) |
| 3:43 | Create | Villager (Male) |
| 4:41 | Research | Feudal Age |
| 6:51 | Age | Feudal Age |
| 6:56 | Build | Market |
| 7:28 | Build | Mining Camp |
| 8:28 | Build | Blacksmith |
| 8:41 | Create | Villager (Male) |
| 9:06 | Build | Farm |
| 9:16 | Research | Castle Age |
| 9:46 | Build | Farm |
| 10:13 | Build | Mining Camp |
| 10:37 | Build | Farm |
| 10:58 | Build | Farm |
| 11:11 | Build | Farm |
| 11:39 | Create | Villager (Male) |
| 11:39 | Create | Villager (Male) |
| 11:56 | Age | Castle Age |
| 12:51 | Create | Villager (Male) |
| 12:51 | Create | Villager (Male) |
| 13:25 | Build | Town Center |
| 13:34 | Create | Villager (Male) |
| 13:48 | Build | Farm |
| 14:08 | Create | Villager (Male) |
| 14:08 | Create | Villager (Male) |
| 15:17 | Create | Villager (Male) |
| 15:17 | Create | Villager (Male) |
| 15:30 | Build | Farm |
| 15:31 | Build | Farm |
| 15:34 | Create | Villager (Male) |
| 15:48 | Build | Farm |
| 15:48 | Build | Farm |
| 15:49 | Build | Farm |
| 15:49 | Build | Farm |
| 15:53 | Build | Farm |
| 16:05 | Create | Villager (Male) |
| 16:27 | Research | Horse Collar |
| 16:27 | Research | Horse Collar |
| 16:47 | Create | Villager (Male) |
| 17:14 | Create | Villager (Male) |
| 17:15 | Create | Villager (Male) |
| 17:25 | Build | Farm |
| 17:30 | Create | Villager (Male) |
| 17:38 | Research | Double-Bit Axe |
| 18:04 | Build | Farm |
| 18:10 | Build | Farm |
| 18:14 | Create | Villager (Male) |
| 18:14 | Create | Villager (Male) |
| 18:16 | Create | Villager (Male) |
| 18:26 | Build | House |
| 18:27 | Build | House |
| 18:28 | Build | House |
| 18:40 | Create | Villager (Male) |
| 18:43 | Create | Villager (Male) |
| 18:52 | Build | Farm |
| 19:14 | Build | Farm |
| 19:22 | Create | Villager (Male) |
| 19:22 | Create | Villager (Male) |
| 19:32 | Create | Villager (Male) |
| 19:32 | Create | Villager (Male) |
| 19:55 | Create | Villager (Male) |
| 19:57 | Create | Villager (Male) |
| 20:01 | Create | Villager (Male) |
| 20:35 | Build | Mill |
| 20:42 | Create | Villager (Male) |
| 20:42 | Create | Villager (Male) |
| 20:43 | Create | Villager (Male) |
| 20:44 | Create | Villager (Male) |
| 20:53 | Research | Bow Saw |
| 21:13 | Build | House |
| 21:14 | Build | House |
| 21:21 | Create | Villager (Male) |
| 21:25 | Build | Farm |
| 21:26 | Build | Farm |
| 21:37 | Create | Villager (Male) |
| 21:37 | Create | Villager (Male) |
| 21:44 | Build | Farm |
| 21:44 | Build | Farm |
| 22:04 | Build | Lumber Camp |
| 22:17 | Build | Mining Camp |
| 22:28 | Create | Villager (Male) |
| 22:28 | Create | Villager (Male) |
| 22:31 | Create | Villager (Male) |
| 22:31 | Create | Villager (Male) |
| 22:31 | Create | Villager (Male) |
| 22:46 | Build | Farm |
| 22:51 | Research | Heavy Plow |
| 23:46 | Build | Town Center |
| 23:56 | Create | Villager (Male) |
| 23:56 | Create | Villager (Male) |
| 23:56 | Create | Villager (Male) |
| 24:04 | Create | Villager (Male) |
| 24:04 | Create | Villager (Male) |
| 24:45 | Build | Monastery |
| 25:06 | Research | Imperial Age |
| 25:27 | Research | Gold Mining |
| 25:36 | Create | Villager (Male) |
| 25:37 | Create | Villager (Male) |
| 25:37 | Create | Villager (Male) |
| 25:37 | Create | Villager (Male) |
| 25:48 | Research | Stone Mining |
| 25:48 | Research | Stone Mining |
| 26:10 | Build | Farm |
| 26:10 | Build | Farm |
| 27:06 | Build | House |
| 27:06 | Build | House |
| 27:06 | Build | House |
| 27:07 | Build | House |
| 27:07 | Build | House |
| 27:07 | Build | House |
| 27:07 | Build | House |
| 27:08 | Build | House |
| 27:08 | Build | House |
| 27:08 | Build | House |
| 27:09 | Build | House |
| 27:09 | Build | House |
| 27:09 | Build | House |
| 27:10 | Build | House |
| 27:10 | Build | House |
| 27:10 | Build | House |
| 27:10 | Build | House |
| 27:11 | Build | House |
| 27:11 | Build | House |
| 27:12 | Build | House |
| 27:12 | Build | House |
| 27:12 | Build | House |
| 27:18 | Research | Corvinian Army |
| 27:22 | Create | Villager (Male) ×5 |
| 27:27 | Create | Villager (Male) ×5 |
| 27:57 | Build | Castle |
| 28:16 | Age | Imperial Age |
| 28:22 | Build | Castle |
| 28:33 | Research | Wheelbarrow |
| 28:36 | Research | Town Watch |
| 28:41 | Create | Villager (Male) |
| 28:41 | Create | Villager (Male) |
| 28:45 | Build | Farm |
| 28:45 | Build | Farm |
| 28:45 | Build | Farm |
Build order — 家恒
First 150 of 343 actions detected
| 0:08 | Build | Mill |
| 0:10 | Create | Villager (Male) |
| 0:10 | Create | Villager (Male) |
| 0:11 | Create | Villager (Male) |
| 0:41 | Create | Villager (Male) |
| 1:22 | Build | Lumber Camp |
| 1:28 | Create | Villager (Male) |
| 2:15 | Create | Villager (Male) |
| 2:46 | Create | Villager (Male) |
| 3:19 | Create | Villager (Male) |
| 3:45 | Create | Villager (Male) |
| 4:16 | Create | Villager (Male) |
| 4:42 | Create | Villager (Male) |
| 5:11 | Create | Villager (Male) |
| 5:41 | Create | Villager (Male) |
| 6:06 | Create | Villager (Male) |
| 6:23 | Research | Feudal Age |
| 7:42 | Build | Farm |
| 7:42 | Build | Farm |
| 7:43 | Build | Farm |
| 8:02 | Build | Mining Camp |
| 8:41 | Age | Feudal Age |
| 8:42 | Create | Villager (Male) |
| 9:07 | Create | Villager (Male) |
| 9:27 | Create | Villager (Male) |
| 9:36 | Build | Blacksmith |
| 9:38 | Build | Market |
| 9:44 | Build | House |
| 9:45 | Build | House |
| 9:46 | Build | House |
| 9:47 | Build | House |
| 9:55 | Create | Villager (Male) |
| 10:06 | Build | Farm |
| 10:06 | Build | Farm |
| 10:06 | Build | Farm |
| 10:27 | Create | Villager (Male) |
| 10:55 | Create | Villager (Male) |
| 11:16 | Research | Castle Age |
| 11:58 | Research | Horse Collar |
| 12:00 | Research | Double-Bit Axe |
| 12:53 | Build | House |
| 12:57 | Build | House |
| 12:58 | Build | House |
| 12:59 | Build | House |
| 13:00 | Build | House |
| 13:01 | Build | House |
| 13:03 | Build | House |
| 13:04 | Build | House |
| 13:10 | Build | House |
| 13:11 | Build | House |
| 13:14 | Build | House |
| 13:15 | Build | House |
| 13:16 | Build | House |
| 13:17 | Build | House |
| 13:19 | Build | House |
| 13:20 | Build | House |
| 14:00 | Age | Castle Age |
| 14:03 | Build | Town Center |
| 14:10 | Create | Villager (Male) |
| 14:10 | Create | Villager (Male) |
| 14:58 | Research | Heavy Plow |
| 15:01 | Research | Bow Saw |
| 15:25 | Create | Villager (Male) |
| 15:25 | Create | Villager (Male) |
| 15:26 | Create | Villager (Male) |
| 15:27 | Create | Villager (Male) |
| 15:37 | Build | Town Center |
| 15:42 | Create | Villager (Male) |
| 15:52 | Create | Villager (Male) |
| 15:54 | Create | Villager (Male) |
| 16:02 | Build | Mining Camp |
| 16:30 | Create | Villager (Male) |
| 16:58 | Create | Villager (Male) |
| 17:00 | Create | Villager (Male) |
| 17:03 | Create | Villager (Male) |
| 17:03 | Create | Villager (Male) |
| 17:08 | Create | Villager (Male) |
| 17:26 | Build | University |
| 17:31 | Build | House |
| 17:32 | Build | House |
| 17:33 | Build | House |
| 17:34 | Build | House |
| 17:35 | Build | House |
| 17:36 | Build | House |
| 17:38 | Build | House |
| 17:40 | Build | House |
| 17:41 | Build | House |
| 17:42 | Build | House |
| 17:43 | Build | House |
| 17:44 | Build | House |
| 17:45 | Build | House |
| 17:50 | Create | Villager (Male) |
| 17:51 | Create | Villager (Male) |
| 17:51 | Create | Villager (Male) |
| 17:52 | Create | Villager (Male) |
| 17:54 | Create | Villager (Male) |
| 17:54 | Create | Villager (Male) |
| 18:34 | Create | Villager (Male) |
| 18:34 | Create | Villager (Male) |
| 18:35 | Create | Villager (Male) |
| 18:35 | Create | Villager (Male) |
| 18:37 | Create | Villager (Male) |
| 18:38 | Create | Villager (Male) |
| 19:04 | Build | Mill |
| 19:39 | Create | Villager (Male) |
| 19:40 | Create | Villager (Male) |
| 19:41 | Create | Villager (Male) |
| 19:41 | Create | Villager (Male) |
| 19:52 | Build | Farm |
| 19:52 | Build | Farm |
| 19:53 | Build | Farm |
| 19:54 | Build | Farm |
| 19:55 | Build | Farm |
| 19:55 | Build | Farm |
| 20:08 | Build | Farm |
| 20:08 | Build | Farm |
| 20:09 | Build | Farm |
| 20:09 | Build | Farm |
| 20:15 | Create | Villager (Male) |
| 20:51 | Create | Villager (Male) |
| 20:51 | Create | Villager (Male) |
| 20:53 | Create | Villager (Male) |
| 20:53 | Create | Villager (Male) |
| 20:58 | Create | Villager (Male) |
| 20:58 | Create | Villager (Male) |
| 21:05 | Build | Farm |
| 21:06 | Build | Farm |
| 21:06 | Build | Farm |
| 21:07 | Build | Farm |
| 21:40 | Create | Villager (Male) |
| 21:40 | Create | Villager (Male) |
| 21:40 | Create | Villager (Male) |
| 21:41 | Create | Villager (Male) |
| 21:41 | Create | Villager (Male) |
| 21:41 | Create | Villager (Male) |
| 21:56 | Create | Villager (Male) |
| 21:57 | Create | Villager (Male) |
| 21:57 | Create | Villager (Male) |
| 22:10 | Create | Villager (Male) |
| 22:12 | Create | Villager (Male) |
| 22:26 | Build | Lumber Camp |
| 22:31 | Create | Villager (Male) |
| 22:32 | Create | Villager (Male) |
| 22:34 | Create | Villager (Male) |
| 22:34 | Create | Villager (Male) |
| 22:38 | Build | Lumber Camp |
| 22:44 | Create | Villager (Male) |
| 22:46 | Create | Villager (Male) |
| 22:47 | Create | Villager (Male) |
| 23:03 | Build | Monastery |
Build order — lipeestrignado
First 150 of 357 actions detected
| 0:12 | Build | Mill |
| 0:16 | Create | Villager (Male) |
| 0:16 | Create | Villager (Male) |
| 0:16 | Create | Villager (Male) |
| 0:16 | Create | Villager (Male) |
| 0:17 | Create | Villager (Male) |
| 1:16 | Create | Villager (Male) |
| 2:20 | Create | Villager (Male) |
| 2:20 | Create | Villager (Male) |
| 2:20 | Create | Villager (Male) |
| 2:48 | Build | Lumber Camp |
| 3:27 | Create | Villager (Male) |
| 3:28 | Create | Villager (Male) |
| 3:29 | Create | Villager (Male) |
| 3:29 | Create | Villager (Male) |
| 3:47 | Create | Villager (Male) |
| 4:04 | Create | Villager (Male) |
| 5:01 | Create | Villager (Male) |
| 5:01 | Create | Villager (Male) |
| 5:01 | Create | Villager (Male) |
| 5:52 | Build | Mining Camp |
| 5:56 | Create | Villager (Male) |
| 5:56 | Create | Villager (Male) |
| 5:57 | Create | Villager (Male) |
| 5:57 | Create | Villager (Male) |
| 6:41 | Build | Farm |
| 6:54 | Build | Farm |
| 6:58 | Build | Farm |
| 7:14 | Create | Villager (Male) |
| 7:14 | Create | Villager (Male) |
| 7:15 | Create | Villager (Male) |
| 7:15 | Create | Villager (Male) |
| 7:15 | Create | Villager (Male) |
| 7:15 | Create | Villager (Male) |
| 8:06 | Build | Farm |
| 8:26 | Create | Militia |
| 8:26 | Create | Militia |
| 8:26 | Create | Militia |
| 8:27 | Create | Militia |
| 8:27 | Create | Militia |
| 8:27 | Create | Militia |
| 9:14 | Build | Farm |
| 9:43 | Build | Farm |
| 9:47 | Build | Farm |
| 9:51 | Build | Farm |
| 9:54 | Build | Farm |
| 9:58 | Build | Farm |
| 10:02 | Build | Farm |
| 10:08 | Build | Farm |
| 10:32 | Build | Farm |
| 10:50 | Build | Lumber Camp |
| 11:12 | Build | Mining Camp |
| 11:36 | Build | Farm |
| 11:39 | Research | Feudal Age |
| 11:43 | Create | Militia |
| 11:44 | Create | Militia |
| 11:44 | Create | Militia |
| 11:44 | Create | Militia |
| 11:44 | Create | Militia |
| 11:45 | Create | Militia |
| 11:45 | Create | Militia |
| 11:45 | Create | Militia |
| 11:46 | Create | Militia |
| 11:46 | Create | Militia |
| 11:46 | Create | Militia |
| 11:47 | Create | Militia |
| 11:48 | Create | Militia |
| 11:48 | Create | Militia |
| 13:09 | Create | Villager (Male) |
| 13:10 | Create | Villager (Male) |
| 13:10 | Create | Villager (Male) |
| 13:10 | Create | Villager (Male) |
| 13:10 | Create | Villager (Male) |
| 13:10 | Create | Villager (Male) |
| 13:11 | Create | Villager (Male) |
| 13:11 | Create | Villager (Male) |
| 13:11 | Create | Villager (Male) |
| 13:12 | Create | Villager (Male) |
| 13:12 | Create | Villager (Male) |
| 13:49 | Age | Feudal Age |
| 14:12 | Research | Double-Bit Axe |
| 14:17 | Research | Horse Collar |
| 14:20 | Research | Man-at-Arms (upgrade) |
| 14:58 | Build | Market |
| 15:34 | Research | Gold Mining |
| 15:35 | Research | Stone Mining |
| 16:05 | Create | Trade Cart |
| 16:06 | Create | Trade Cart |
| 16:13 | Build | Blacksmith |
| 16:35 | Create | Villager (Male) |
| 16:36 | Create | Villager (Male) |
| 16:36 | Create | Villager (Male) |
| 16:36 | Create | Villager (Male) |
| 16:36 | Create | Villager (Male) |
| 17:05 | Create | Trade Cart |
| 17:31 | Build | Stable |
| 17:59 | Build | Lumber Camp |
| 18:25 | Research | Arson |
| 18:26 | Create | Militia |
| 18:27 | Create | Militia |
| 18:27 | Create | Militia |
| 18:27 | Create | Militia |
| 18:28 | Create | Militia |
| 18:28 | Create | Militia |
| 18:45 | Create | Trade Cart |
| 19:02 | Research | Scale Mail Armor |
| 19:05 | Research | Forging |
| 19:31 | Research | Castle Age |
| 19:46 | Create | Trade Cart |
| 20:36 | Create | Trade Cart |
| 20:58 | Create | Militia |
| 20:58 | Create | Militia |
| 20:59 | Create | Militia |
| 20:59 | Create | Militia |
| 21:30 | Create | Trade Cart |
| 22:35 | Create | Villager (Male) |
| 22:35 | Create | Villager (Male) |
| 22:36 | Create | Villager (Male) |
| 22:36 | Create | Villager (Male) |
| 22:37 | Create | Villager (Male) |
| 22:37 | Create | Villager (Male) |
| 22:38 | Create | Villager (Male) |
| 22:38 | Create | Villager (Male) |
| 22:39 | Create | Villager (Male) |
| 22:39 | Create | Villager (Male) |
| 22:40 | Create | Villager (Male) |
| 22:40 | Create | Villager (Male) |
| 22:41 | Create | Villager (Male) |
| 22:41 | Create | Villager (Male) |
| 22:47 | Create | Trade Cart |
| 22:48 | Create | Trade Cart |
| 22:49 | Create | Trade Cart |
| 22:50 | Create | Trade Cart |
| 23:09 | Age | Castle Age |
| 23:21 | Research | Long Swordsman (upgrade) |
| 23:43 | Build | Archery Range |
| 23:46 | Research | Husbandry |
| 23:47 | Create | Knight |
| 23:48 | Create | Knight |
| 23:48 | Create | Knight |
| 23:48 | Create | Knight |
| 23:48 | Create | Knight |
| 25:33 | Research | Chain Mail Armor |
| 25:35 | Research | Scale Barding Armor |
| 25:35 | Research | Iron Casting |
| 25:40 | Create | Trade Cart |
| 25:41 | Create | Trade Cart |
| 25:41 | Create | Trade Cart |
| 25:41 | Create | Trade Cart |
| 25:42 | Create | Trade Cart |
Build order — Tsukitech
First 150 of 287 actions detected
| 0:29 | Create | Villager (Male) |
| 0:46 | Build | Mill |
| 0:58 | Build | Lumber Camp |
| 1:00 | Create | Villager (Male) |
| 1:25 | Create | Villager (Male) |
| 1:41 | Create | Villager (Male) |
| 2:06 | Create | Villager (Male) |
| 2:29 | Create | Villager (Male) |
| 2:50 | Create | Villager (Male) |
| 3:01 | Create | Villager (Male) |
| 3:28 | Create | Villager (Male) |
| 4:22 | Create | Villager (Male) |
| 5:00 | Create | Villager (Male) |
| 5:35 | Research | Feudal Age |
| 6:30 | Build | Farm |
| 6:32 | Build | Farm |
| 7:44 | Create | Villager (Male) |
| 7:45 | Age | Feudal Age |
| 8:17 | Create | Villager (Male) |
| 8:34 | Build | Blacksmith |
| 8:55 | Create | Villager (Male) |
| 9:00 | Create | Villager (Male) |
| 9:08 | Build | Market |
| 9:33 | Build | Farm |
| 9:52 | Build | Farm |
| 10:11 | Build | Lumber Camp |
| 10:32 | Research | Castle Age |
| 10:48 | Build | Farm |
| 10:49 | Build | Farm |
| 10:52 | Build | Farm |
| 13:12 | Age | Castle Age |
| 13:32 | Build | Town Center |
| 13:50 | Build | Town Center |
| 13:53 | Create | Villager (Male) |
| 13:54 | Create | Villager (Male) |
| 14:18 | Create | Villager (Male) |
| 15:04 | Build | Farm |
| 15:06 | Build | Farm |
| 15:08 | Build | Farm |
| 15:10 | Build | Farm |
| 15:13 | Create | Villager (Male) |
| 15:13 | Create | Villager (Male) |
| 15:14 | Create | Villager (Male) |
| 15:30 | Create | Villager (Male) |
| 15:30 | Create | Villager (Male) |
| 15:36 | Create | Villager (Male) |
| 15:37 | Create | Villager (Male) |
| 15:47 | Build | Farm |
| 16:00 | Research | Double-Bit Axe |
| 16:04 | Create | Villager (Male) |
| 16:20 | Create | Villager (Male) ×5 |
| 16:43 | Research | Bow Saw |
| 16:52 | Create | Villager (Male) ×5 |
| 17:20 | Research | Horse Collar |
| 17:40 | Create | Villager (Male) ×5 |
| 17:45 | Build | Farm |
| 17:55 | Research | Heavy Plow |
| 18:02 | Build | Farm |
| 18:10 | Build | Farm |
| 18:17 | Create | Villager (Male) ×5 |
| 18:31 | Build | Farm |
| 18:39 | Build | Farm |
| 19:03 | Build | Farm |
| 19:07 | Build | House |
| 19:09 | Build | House |
| 19:11 | Build | House |
| 19:25 | Build | Farm |
| 19:27 | Build | Farm |
| 19:32 | Create | Villager (Male) ×5 |
| 19:59 | Create | Villager (Male) ×5 |
| 20:02 | Build | Farm |
| 20:26 | Build | Farm |
| 20:49 | Create | Villager (Male) ×5 |
| 21:03 | Build | Lumber Camp |
| 21:14 | Build | House |
| 21:16 | Build | House |
| 21:17 | Build | House |
| 21:56 | Create | Villager (Male) ×5 |
| 22:23 | Build | Mining Camp |
| 22:38 | Create | Villager (Male) ×5 |
| 22:50 | Build | Stable |
| 22:53 | Build | Stable |
| 22:59 | Research | Forging |
| 23:01 | Research | Scale Barding Armor |
| 23:33 | Build | Stable |
| 23:52 | Research | Husbandry |
| 23:53 | Research | Bloodlines |
| 24:09 | Build | Stable |
| 24:11 | Build | Stable |
| 24:24 | Research | Loom |
| 24:35 | Research | Imperial Age |
| 24:42 | Research | Imperial Age |
| 24:46 | Research | Iron Casting |
| 24:55 | Build | House |
| 24:56 | Build | House |
| 24:58 | Build | House |
| 24:59 | Build | House |
| 25:00 | Build | House |
| 25:07 | Build | Monastery |
| 25:31 | Research | Chain Barding Armor |
| 25:54 | Create | Villager (Male) ×5 |
| 26:13 | Build | Mining Camp |
| 26:20 | Build | University |
| 27:00 | Create | Monk |
| 27:19 | Create | Camel Scout ×5 |
| 27:22 | Create | Camel Scout ×5 |
| 27:52 | Age | Imperial Age |
| 27:59 | Build | House |
| 28:00 | Build | House |
| 28:01 | Build | House |
| 28:23 | Build | House |
| 28:25 | Build | House |
| 28:26 | Build | House |
| 28:27 | Build | House |
| 28:28 | Build | House |
| 28:29 | Build | House |
| 28:58 | Research | Heavy Camel Rider (upgrade) |
| 29:10 | Create | Camel Scout ×5 |
| 29:11 | Create | Camel Scout ×5 |
| 29:11 | Create | Camel Scout ×3 |
| 29:11 | Create | Camel Scout ×3 |
| 29:47 | Create | Trade Cart |
| 29:47 | Create | Trade Cart |
| 29:48 | Create | Trade Cart |
| 29:48 | Create | Trade Cart |
| 29:49 | Create | Trade Cart |
| 30:00 | Research | Conscription |
| 30:06 | Research | Fortified Wall (upgrade) |
| 30:32 | Build | Stone Wall |
| 30:59 | Build | Stone Wall |
| 31:29 | Research | Imperial Camel Rider (upgrade) |
| 31:38 | Build | Farm |
| 31:40 | Build | Farm |
| 31:41 | Build | Farm |
| 31:54 | Build | Farm |
| 31:56 | Build | Farm |
| 32:00 | Build | Farm |
| 32:18 | Create | Camel Scout ×5 |
| 32:18 | Create | Camel Scout ×3 |
| 32:18 | Create | Camel Scout ×3 |
| 32:32 | Build | Castle |
| 32:53 | Create | Trebuchet (Packed) |
| 32:54 | Create | Trebuchet (Packed) |
| 33:20 | Create | Camel Scout ×5 |
| 33:20 | Create | Camel Scout ×5 |
| 33:21 | Create | Camel Scout ×4 |
| 33:51 | Build | Farm |
| 33:55 | Build | Farm |
| 34:10 | Create | Camel Scout ×5 |
| 34:10 | Create | Camel Scout ×5 |
Build order — MuchJaguar3116
First 150 of 855 actions detected
| 0:06 | Create | Villager (Male) |
| 0:06 | Research | Loom |
| 0:07 | Create | Villager (Male) |
| 0:07 | Create | Villager (Male) |
| 0:07 | Create | Villager (Male) |
| 1:20 | Build | Lumber Camp |
| 1:54 | Build | Mill |
| 2:44 | Create | Villager (Male) |
| 2:54 | Create | Villager (Male) |
| 2:55 | Create | Villager (Male) |
| 2:55 | Create | Villager (Male) |
| 3:35 | Create | Villager (Male) |
| 4:05 | Create | Villager (Male) |
| 4:17 | Create | Villager (Male) |
| 4:17 | Create | Villager (Male) |
| 4:17 | Create | Villager (Male) |
| 4:30 | Create | Villager (Male) |
| 4:30 | Create | Villager (Male) |
| 4:45 | Build | Farm |
| 4:46 | Build | Farm |
| 5:09 | Build | Lumber Camp |
| 5:14 | Create | Villager (Male) |
| 6:58 | Research | Feudal Age |
| 7:17 | Create | Villager (Male) |
| 7:35 | Build | Mining Camp |
| 7:40 | Create | Villager (Male) |
| 7:40 | Create | Villager (Male) |
| 7:53 | Create | Villager (Male) |
| 9:35 | Research | Double-Bit Axe |
| 9:47 | Research | Horse Collar |
| 9:57 | Build | Blacksmith |
| 10:01 | Build | House |
| 10:02 | Build | House |
| 10:15 | Build | Archery Range |
| 10:17 | Build | Stable |
| 10:23 | Build | Lumber Camp |
| 10:30 | Create | Villager (Male) |
| 10:40 | Build | Market |
| 10:56 | Build | Farm |
| 10:56 | Build | Farm |
| 10:56 | Build | Farm |
| 10:56 | Build | Farm |
| 10:58 | Build | Farm |
| 10:58 | Build | Farm |
| 11:00 | Build | Farm |
| 11:00 | Build | Farm |
| 11:01 | Build | Farm |
| 11:02 | Build | Farm |
| 11:21 | Create | Villager (Male) |
| 11:21 | Create | Villager (Male) |
| 11:56 | Build | Lumber Camp |
| 12:28 | Create | Villager (Male) |
| 12:52 | Research | Castle Age |
| 13:06 | Build | Mining Camp |
| 13:17 | Create | Villager (Male) |
| 13:20 | Create | Villager (Male) |
| 13:45 | Create | Villager (Male) |
| 14:10 | Research | Town Watch |
| 14:23 | Research | Stone Mining |
| 14:36 | Research | Gold Mining |
| 14:50 | Create | Trade Cart |
| 14:50 | Create | Trade Cart |
| 15:04 | Create | Villager (Male) |
| 15:37 | Build | Town Center |
| 15:47 | Create | Villager (Male) |
| 15:49 | Research | Bow Saw |
| 15:55 | Create | Longbowman |
| 15:55 | Create | Longbowman |
| 15:56 | Create | Longbowman |
| 15:56 | Create | Longbowman |
| 15:56 | Create | Longbowman |
| 16:07 | Build | Farm |
| 16:07 | Build | Farm |
| 16:07 | Build | Farm |
| 16:08 | Build | Farm |
| 16:08 | Build | Farm |
| 16:08 | Build | Farm |
| 16:10 | Build | Farm |
| 16:14 | Create | Villager (Male) |
| 16:29 | Create | Villager (Male) |
| 16:39 | Create | Longbowman |
| 16:43 | Create | Villager (Male) |
| 16:43 | Create | Villager (Male) |
| 17:01 | Create | Villager (Male) |
| 17:07 | Create | Villager (Male) |
| 17:14 | Build | Monastery |
| 17:26 | Create | Villager (Male) |
| 17:41 | Create | Villager (Male) |
| 17:44 | Create | Longbowman |
| 17:44 | Create | Longbowman |
| 17:44 | Create | Longbowman |
| 18:06 | Create | Monk |
| 18:12 | Create | Villager (Male) |
| 18:12 | Create | Villager (Male) |
| 18:12 | Create | Villager (Male) |
| 18:26 | Create | Villager (Male) |
| 18:42 | Create | Villager (Male) |
| 18:42 | Create | Villager (Male) |
| 18:55 | Build | Farm |
| 18:59 | Build | Farm |
| 18:59 | Build | Farm |
| 18:59 | Build | Farm |
| 19:00 | Build | Farm |
| 19:00 | Build | Farm |
| 19:00 | Build | Farm |
| 19:20 | Create | Monk |
| 19:43 | Create | Villager (Male) |
| 19:43 | Create | Villager (Male) |
| 19:43 | Create | Villager (Male) |
| 19:43 | Create | Villager (Male) |
| 19:44 | Create | Villager (Male) |
| 19:44 | Create | Villager (Male) |
| 19:44 | Create | Villager (Male) |
| 19:59 | Create | Longbowman |
| 20:03 | Research | Padded Archer Armor |
| 20:19 | Build | Town Center |
| 20:44 | Research | Caravan |
| 20:53 | Research | Fervor |
| 20:58 | Create | Villager (Male) |
| 20:59 | Create | Villager (Male) |
| 20:59 | Create | Villager (Male) |
| 20:59 | Create | Villager (Male) |
| 21:03 | Create | Villager (Male) |
| 21:14 | Create | Knight |
| 21:29 | Create | Villager (Male) |
| 21:29 | Create | Villager (Male) |
| 21:38 | Build | Mining Camp |
| 21:46 | Build | House |
| 21:47 | Build | House |
| 21:47 | Build | House |
| 21:57 | Create | Villager (Male) |
| 21:57 | Create | Villager (Male) |
| 21:57 | Create | Villager (Male) |
| 22:16 | Create | Villager (Male) |
| 22:17 | Research | Wheelbarrow |
| 22:37 | Build | Town Center |
| 22:40 | Build | Farm |
| 22:43 | Build | Farm |
| 22:45 | Build | Farm |
| 22:46 | Build | Farm |
| 22:48 | Build | Farm |
| 22:49 | Build | Farm |
| 22:53 | Create | Villager (Male) |
| 22:53 | Create | Villager (Male) |
| 22:53 | Create | Villager (Male) |
| 22:59 | Create | Trade Cart |
| 23:00 | Create | Trade Cart |
| 23:00 | Create | Trade Cart |
| 23:00 | Create | Trade Cart |
| 23:00 | Create | Trade Cart |
Build order — 咪猫
First 150 of 355 actions detected
| 1:04 | Build | Lumber Camp |
| 1:25 | Build | Mill |
| 1:32 | Create | Villager (Male) |
| 1:32 | Create | Villager (Male) |
| 1:33 | Create | Villager (Male) |
| 1:33 | Create | Villager (Male) |
| 1:33 | Create | Villager (Male) |
| 2:01 | Research | Loom |
| 2:55 | Build | House |
| 3:45 | Build | Mining Camp |
| 3:52 | Create | Villager (Male) |
| 3:52 | Create | Villager (Male) |
| 4:44 | Build | Farm |
| 5:24 | Research | Feudal Age |
| 6:34 | Build | Farm |
| 6:52 | Build | Mining Camp |
| 7:28 | Age | Feudal Age |
| 7:32 | Research | Wheelbarrow |
| 8:20 | Build | Blacksmith |
| 8:37 | Create | Villager (Male) |
| 8:38 | Create | Villager (Male) |
| 8:38 | Create | Villager (Male) |
| 8:38 | Create | Villager (Male) |
| 8:38 | Create | Villager (Male) |
| 8:38 | Create | Villager (Male) |
| 10:25 | Build | Stable |
| 10:43 | Create | Villager (Male) |
| 10:44 | Create | Villager (Male) |
| 10:44 | Create | Villager (Male) |
| 10:44 | Create | Villager (Male) |
| 10:44 | Create | Villager (Male) |
| 10:45 | Create | Villager (Male) |
| 10:45 | Create | Villager (Male) |
| 11:25 | Create | Scout Cavalry |
| 12:46 | Build | Farm |
| 13:07 | Build | Farm |
| 13:22 | Create | Villager (Male) |
| 13:22 | Create | Villager (Male) |
| 13:22 | Create | Villager (Male) |
| 13:23 | Create | Villager (Male) |
| 13:37 | Create | Scout Cavalry |
| 14:16 | Build | Market |
| 14:28 | Build | Farm |
| 14:43 | Build | House |
| 16:13 | Research | Castle Age |
| 16:20 | Build | House |
| 16:22 | Build | House |
| 17:30 | Build | House |
| 17:34 | Build | House |
| 17:36 | Build | House |
| 17:37 | Build | House |
| 17:47 | Create | Scout Cavalry |
| 17:58 | Build | Farm |
| 18:13 | Create | Villager (Male) |
| 18:39 | Age | Castle Age |
| 19:01 | Build | Town Center |
| 19:29 | Create | Villager (Male) |
| 19:29 | Create | Villager (Male) |
| 19:29 | Create | Villager (Male) |
| 19:30 | Create | Villager (Male) |
| 19:30 | Create | Villager (Male) |
| 19:30 | Create | Villager (Male) |
| 19:35 | Build | Monastery |
| 20:04 | Research | Caravan |
| 20:04 | Research | Coinage |
| 20:17 | Build | Farm |
| 20:46 | Create | Villager (Male) ×5 |
| 20:47 | Create | Villager (Male) ×5 |
| 21:18 | Build | Farm |
| 21:21 | Build | Farm |
| 21:26 | Build | Farm |
| 21:41 | Research | Double-Bit Axe |
| 22:09 | Build | House |
| 23:01 | Build | Lumber Camp |
| 23:23 | Build | House |
| 23:52 | Create | Monk |
| 23:59 | Build | University |
| 24:38 | Build | Farm |
| 24:42 | Build | Farm |
| 24:46 | Build | Farm |
| 26:45 | Build | Market |
| 27:07 | Build | Mining Camp |
| 27:57 | Create | Trade Cart |
| 27:57 | Create | Trade Cart |
| 27:57 | Create | Trade Cart |
| 27:58 | Create | Trade Cart |
| 27:58 | Create | Trade Cart |
| 27:58 | Create | Trade Cart |
| 28:12 | Build | Stone Wall |
| 29:46 | Build | Lumber Camp |
| 30:04 | Research | Hand Cart |
| 30:05 | Research | Imperial Age |
| 30:25 | Build | House |
| 30:49 | Build | Mining Camp |
| 31:03 | Create | Villager (Male) |
| 31:03 | Create | Villager (Male) |
| 31:03 | Create | Villager (Male) |
| 31:04 | Create | Villager (Male) |
| 31:04 | Create | Villager (Male) |
| 31:04 | Create | Villager (Male) |
| 31:05 | Create | Villager (Male) |
| 31:05 | Create | Villager (Male) |
| 31:06 | Create | Villager (Male) |
| 31:34 | Research | Gold Mining |
| 31:37 | Research | Stone Mining |
| 32:17 | Build | Mill |
| 32:19 | Build | Farm |
| 32:23 | Build | Farm |
| 32:54 | Create | Villager (Male) |
| 32:54 | Create | Villager (Male) |
| 32:54 | Create | Villager (Male) |
| 32:54 | Create | Villager (Male) |
| 32:55 | Create | Villager (Male) |
| 33:04 | Build | Lumber Camp |
| 33:37 | Age | Imperial Age |
| 34:00 | Build | Lumber Camp |
| 34:23 | Create | Villager (Male) ×5 |
| 34:23 | Create | Villager (Male) ×5 |
| 34:23 | Create | Villager (Male) ×5 |
| 34:24 | Create | Villager (Male) ×5 |
| 34:57 | Research | Masonry |
| 35:02 | Research | Ballistics |
| 35:03 | Research | Chemistry |
| 35:05 | Research | Murder Holes |
| 35:37 | Build | Farm |
| 35:41 | Build | Farm |
| 35:44 | Build | Farm |
| 36:05 | Build | Lumber Camp |
| 36:16 | Build | Stone Wall |
| 36:33 | Build | Mining Camp |
| 37:45 | Create | War Elephant |
| 37:46 | Create | War Elephant |
| 37:47 | Research | Elite War Elephant (upgrade) |
| 37:53 | Create | War Elephant |
| 37:53 | Create | War Elephant |
| 37:54 | Research | Kamandaran |
| 37:56 | Research | Hoardings |
| 37:58 | Research | Sappers |
| 38:07 | Research | Conscription |
| 38:48 | Research | Banking |
| 38:48 | Research | Guilds |
| 39:16 | Build | Stone Wall |
| 39:20 | Build | Stone Wall |
| 39:24 | Build | Stone Wall |
| 39:31 | Build | Stone Wall |
| 39:38 | Build | Stone Wall |
| 40:22 | Build | Farm |
| 40:27 | Build | Farm |
| 40:49 | Build | Mining Camp |
| 41:12 | Build | House |
Build order — tbogwald
First 150 of 872 actions detected
| 0:02 | Create | Villager (Male) |
| 0:02 | Create | Villager (Male) |
| 0:03 | Create | Villager (Male) |
| 0:03 | Create | Villager (Male) |
| 0:12 | Build | Lumber Camp |
| 0:18 | Build | Mill |
| 1:16 | Create | Villager (Male) |
| 1:16 | Create | Villager (Male) |
| 1:33 | Create | Villager (Male) |
| 1:51 | Create | Villager (Male) |
| 2:19 | Create | Villager (Male) |
| 2:20 | Create | Villager (Male) |
| 2:40 | Create | Villager (Male) |
| 3:26 | Create | Villager (Male) |
| 3:27 | Create | Villager (Male) |
| 4:10 | Create | Villager (Male) |
| 4:35 | Create | Villager (Male) |
| 4:35 | Create | Villager (Male) |
| 5:33 | Create | Villager (Male) |
| 5:58 | Create | Villager (Male) |
| 6:08 | Create | Villager (Male) |
| 6:25 | Create | Villager (Male) |
| 7:04 | Build | Farm |
| 7:07 | Create | Villager (Male) |
| 7:11 | Research | Loom |
| 7:11 | Research | Feudal Age |
| 7:26 | Build | Farm |
| 7:30 | Build | Farm |
| 8:27 | Create | Villager (Male) |
| 8:27 | Create | Villager (Male) |
| 8:32 | Build | Farm |
| 8:36 | Build | Farm |
| 8:50 | Build | Barracks |
| 8:54 | Build | Mining Camp |
| 9:19 | Build | Farm |
| 9:40 | Build | Mining Camp |
| 9:46 | Create | Villager (Male) |
| 9:46 | Age | Feudal Age |
| 9:49 | Research | Double-Bit Axe |
| 9:52 | Research | Horse Collar |
| 10:24 | Create | Villager (Male) |
| 11:08 | Create | Villager (Male) |
| 11:10 | Create | Villager (Male) |
| 11:35 | Build | Blacksmith |
| 11:37 | Create | Villager (Male) |
| 11:58 | Create | Villager (Male) |
| 12:11 | Build | Market |
| 12:28 | Create | Villager (Male) |
| 12:35 | Research | Fletching |
| 12:37 | Research | Forging |
| 12:38 | Research | Scale Mail Armor |
| 12:45 | Research | Man-at-Arms (upgrade) |
| 13:06 | Build | Lumber Camp |
| 13:12 | Create | Villager (Male) |
| 13:13 | Create | Villager (Male) |
| 14:05 | Create | Villager (Male) |
| 14:06 | Create | Villager (Male) |
| 14:13 | Research | Scale Barding Armor |
| 14:15 | Research | Padded Archer Armor |
| 14:27 | Research | Stone Mining |
| 14:28 | Research | Gold Mining |
| 14:52 | Create | Villager (Male) |
| 14:52 | Create | Villager (Male) |
| 15:39 | Build | Farm |
| 16:01 | Create | Villager (Male) |
| 16:12 | Build | Farm |
| 16:27 | Research | Castle Age |
| 16:36 | Build | Farm |
| 17:58 | Build | Barracks |
| 18:01 | Build | Barracks |
| 18:16 | Create | Villager (Male) |
| 18:16 | Create | Villager (Male) |
| 19:07 | Age | Castle Age |
| 19:13 | Research | Bow Saw |
| 19:15 | Research | Heavy Plow |
| 19:23 | Research | Pikeman (upgrade) |
| 19:24 | Research | Squires |
| 19:35 | Build | Farm |
| 19:38 | Build | Farm |
| 19:41 | Build | Farm |
| 19:46 | Create | Villager (Male) |
| 19:46 | Create | Villager (Male) |
| 20:17 | Create | Villager (Male) |
| 20:57 | Build | Town Center |
| 21:02 | Build | Farm |
| 21:06 | Build | Farm |
| 21:07 | Build | Farm |
| 21:09 | Build | Farm |
| 21:11 | Build | Farm |
| 21:12 | Build | Farm |
| 21:14 | Build | Farm |
| 21:17 | Build | Farm |
| 21:22 | Create | Villager (Male) |
| 21:22 | Create | Villager (Male) |
| 21:23 | Create | Villager (Male) |
| 21:32 | Research | Iron Casting |
| 21:37 | Research | Long Swordsman (upgrade) |
| 21:48 | Research | Gold Shaft Mining |
| 21:58 | Create | Villager (Male) |
| 22:07 | Create | Villager (Male) |
| 22:07 | Create | Villager (Male) |
| 22:29 | Create | Villager (Male) |
| 22:29 | Create | Villager (Male) |
| 22:29 | Create | Villager (Male) |
| 22:53 | Create | Villager (Male) |
| 22:53 | Create | Villager (Male) |
| 22:54 | Create | Villager (Male) |
| 22:57 | Create | Villager (Male) |
| 22:57 | Create | Villager (Male) |
| 23:18 | Create | Villager (Male) |
| 23:18 | Create | Villager (Male) |
| 23:20 | Create | Villager (Male) |
| 23:53 | Create | Villager (Male) |
| 23:53 | Create | Villager (Male) |
| 23:54 | Create | Villager (Male) |
| 23:55 | Create | Villager (Male) |
| 24:31 | Create | Villager (Male) |
| 24:31 | Create | Villager (Male) |
| 24:32 | Create | Villager (Male) |
| 24:43 | Build | Lumber Camp |
| 25:22 | Build | Town Center |
| 25:25 | Build | Farm |
| 25:26 | Build | Farm |
| 25:28 | Build | Farm |
| 25:30 | Build | Farm |
| 25:31 | Build | Farm |
| 25:32 | Build | Farm |
| 25:34 | Build | Farm |
| 25:35 | Build | Farm |
| 25:37 | Build | Farm |
| 25:42 | Create | Villager (Male) |
| 25:42 | Create | Villager (Male) |
| 25:43 | Create | Villager (Male) |
| 26:01 | Build | House |
| 26:02 | Build | House |
| 26:04 | Build | House |
| 26:18 | Create | Villager (Male) |
| 26:18 | Create | Villager (Male) |
| 26:25 | Research | Wheelbarrow |
| 26:31 | Research | Imperial Age |
| 26:52 | Build | Farm |
| 26:55 | Build | Farm |
| 27:13 | Build | Farm |
| 27:17 | Build | Farm |
| 27:21 | Build | Farm |
| 27:29 | Create | Villager (Male) |
| 27:29 | Create | Villager (Male) |
| 27:30 | Create | Villager (Male) |
| 27:30 | Create | Villager (Male) |
| 27:30 | Create | Villager (Male) |
Build order — madnessss86
First 150 of 556 actions detected
| 0:04 | Create | Villager (Male) |
| 0:04 | Create | Villager (Male) |
| 0:05 | Create | Villager (Male) |
| 0:05 | Create | Villager (Male) |
| 0:05 | Create | Villager (Male) |
| 0:15 | Build | Mining Camp |
| 0:27 | Build | Mining Camp |
| 2:35 | Create | Villager (Male) |
| 2:35 | Create | Villager (Male) |
| 5:09 | Research | Feudal Age |
| 5:52 | Create | Villager (Male) |
| 6:25 | Build | Lumber Camp |
| 6:42 | Create | Villager (Male) |
| 6:43 | Create | Villager (Male) |
| 6:43 | Create | Villager (Male) |
| 6:43 | Create | Villager (Male) |
| 7:20 | Create | Villager (Male) |
| 7:35 | Build | Lumber Camp |
| 8:29 | Build | Mining Camp |
| 8:50 | Build | Lumber Camp |
| 10:09 | Build | Mill |
| 11:07 | Build | Market |
| 11:18 | Build | Farm |
| 11:24 | Build | Farm |
| 11:29 | Build | Farm |
| 11:34 | Build | Farm |
| 11:45 | Research | Double-Bit Axe |
| 11:51 | Research | Horse Collar |
| 12:00 | Create | Villager (Male) |
| 12:00 | Create | Villager (Male) |
| 12:25 | Research | Wheelbarrow |
| 12:36 | Build | Mining Camp |
| 13:12 | Build | Blacksmith |
| 13:23 | Create | Villager (Male) |
| 13:24 | Create | Villager (Male) |
| 13:50 | Build | Mining Camp |
| 14:55 | Create | Villager (Male) |
| 14:56 | Create | Villager (Male) |
| 15:02 | Build | Farm |
| 15:17 | Build | Farm |
| 15:30 | Build | Farm |
| 15:54 | Build | Farm |
| 16:02 | Create | Villager (Male) |
| 16:02 | Create | Villager (Male) |
| 16:03 | Create | Villager (Male) |
| 16:37 | Build | Farm |
| 16:42 | Create | Villager (Male) |
| 16:42 | Create | Villager (Male) |
| 17:29 | Build | Farm |
| 17:34 | Create | Villager (Male) |
| 17:50 | Build | Farm |
| 18:21 | Build | Mining Camp |
| 18:49 | Build | Archery Range |
| 19:00 | Research | Castle Age |
| 19:30 | Create | Spearman |
| 19:31 | Create | Spearman |
| 19:31 | Create | Spearman |
| 19:32 | Create | Spearman |
| 19:32 | Create | Spearman |
| 19:54 | Create | Villager (Male) |
| 19:55 | Create | Villager (Male) |
| 20:40 | Build | Stable |
| 20:51 | Create | Villager (Male) |
| 20:51 | Create | Villager (Male) |
| 21:10 | Create | Skirmisher |
| 21:11 | Create | Skirmisher |
| 21:12 | Create | Skirmisher |
| 21:12 | Create | Skirmisher |
| 21:13 | Create | Skirmisher |
| 21:13 | Create | Skirmisher |
| 21:13 | Create | Skirmisher |
| 21:17 | Create | Skirmisher |
| 21:27 | Create | Militia |
| 21:27 | Create | Militia |
| 21:28 | Create | Militia |
| 21:50 | Build | Farm |
| 22:11 | Build | Town Center |
| 22:27 | Build | Farm |
| 23:20 | Build | Stable |
| 23:40 | Build | Lumber Camp |
| 23:53 | Research | Hand Cart |
| 24:02 | Research | Heavy Plow |
| 24:09 | Research | Pikeman (upgrade) |
| 24:29 | Research | Bow Saw |
| 24:52 | Build | Castle |
| 25:00 | Create | Villager (Male) |
| 25:00 | Create | Villager (Male) |
| 25:47 | Create | Villager (Male) |
| 25:47 | Create | Villager (Male) |
| 25:48 | Create | Villager (Male) |
| 25:48 | Create | Villager (Male) |
| 25:48 | Create | Villager (Male) |
| 25:48 | Create | Villager (Male) |
| 26:01 | Build | House |
| 26:11 | Research | Elite Skirmisher (upgrade) |
| 26:17 | Research | Husbandry |
| 26:18 | Research | Bloodlines |
| 26:29 | Build | Farm |
| 26:38 | Create | Villager (Male) |
| 26:44 | Build | Farm |
| 26:52 | Research | Gold Mining |
| 26:53 | Research | Stone Mining |
| 26:58 | Build | House |
| 27:10 | Create | Battle Elephant |
| 27:12 | Create | Battle Elephant |
| 27:17 | Build | Farm |
| 27:22 | Build | Farm |
| 27:28 | Research | Gambesons |
| 27:38 | Build | Farm |
| 27:46 | Build | House |
| 28:03 | Build | Farm |
| 28:13 | Create | Trade Cart |
| 28:13 | Create | Trade Cart |
| 28:13 | Create | Trade Cart |
| 28:13 | Create | Trade Cart |
| 28:14 | Create | Trade Cart |
| 28:14 | Create | Trade Cart |
| 28:14 | Create | Trade Cart |
| 28:14 | Create | Trade Cart |
| 28:15 | Create | Trade Cart |
| 28:15 | Create | Trade Cart |
| 28:15 | Create | Trade Cart |
| 28:26 | Build | Farm |
| 28:34 | Research | Town Watch |
| 28:36 | Create | Villager (Male) |
| 28:36 | Create | Villager (Male) |
| 28:37 | Create | Villager (Male) |
| 28:37 | Create | Villager (Male) |
| 28:50 | Build | Siege Workshop |
| 28:57 | Create | Battle Elephant |
| 28:58 | Create | Battle Elephant |
| 29:00 | Create | Battle Elephant |
| 29:13 | Create | Elephant Archer |
| 29:14 | Create | Elephant Archer |
| 29:14 | Create | Elephant Archer |
| 29:20 | Build | House |
| 29:30 | Build | Farm |
| 29:39 | Create | Villager (Male) |
| 29:40 | Create | Villager (Male) |
| 29:48 | Build | House |
| 29:57 | Build | Farm |
| 30:10 | Create | Armored Elephant |
| 30:11 | Create | Armored Elephant |
| 30:12 | Create | Armored Elephant |
| 30:22 | Build | House |
| 30:47 | Build | Farm |
| 31:14 | Build | House |
| 31:19 | Build | Farm |
| 31:27 | Build | Farm |
| 31:32 | Create | Villager (Male) |
Match timeline
| 6:51 | 喜多川海梦 · age_up feudal |
| 7:28 | 咪猫 · age_up feudal |
| 7:45 | Tsukitech · age_up feudal |
| 8:41 | 家恒 · age_up feudal |
| 8:50 | tbogwald · first_building Barracks |
| 9:46 | tbogwald · age_up feudal |
| 10:15 | MuchJaguar3116 · first_building Archery Range |
| 10:17 | MuchJaguar3116 · first_building Stable |
| 10:25 | 咪猫 · first_building Stable |
| 10:30 | Tsukitech · first_market_sell 100 wood |
| 11:56 | 喜多川海梦 · age_up castle |
| 13:12 | Tsukitech · age_up castle |
| 13:49 | lipeestrignado · age_up feudal |
| 14:00 | 家恒 · age_up castle |
| 17:14 | MuchJaguar3116 · first_building Monastery |
| 17:31 | lipeestrignado · first_building Stable |
| 18:00 | MuchJaguar3116 · first_market_sell 100 wood |
| 18:39 | 咪猫 · age_up castle |
| 18:49 | madnessss86 · first_building Archery Range |
| 19:07 | tbogwald · age_up castle |
| 19:35 | 咪猫 · first_building Monastery |
| 20:40 | madnessss86 · first_building Stable |
| 22:50 | Tsukitech · first_building Stable |
| 23:03 | 家恒 · first_building Monastery |
| 23:09 | lipeestrignado · age_up castle |
| 23:43 | lipeestrignado · first_building Archery Range |
| 24:12 | 家恒 · first_building Castle |
| 24:15 | 家恒 · first_building Stable |
| 24:32 | Tsukitech · first_market_buy 100 food |
| 24:45 | 喜多川海梦 · first_building Monastery |
| 24:52 | madnessss86 · first_building Castle |
| 25:07 | Tsukitech · first_building Monastery |
| 25:52 | MuchJaguar3116 · first_building Castle |
| 27:52 | Tsukitech · age_up imperial |
| 27:57 | 喜多川海梦 · first_building Castle |
| 28:12 | 咪猫 · wall_segment Stone Wall x2 |
| 28:16 | 喜多川海梦 · age_up imperial |
| 28:36 | 家恒 · age_up imperial |
| 28:50 | madnessss86 · first_building Siege Workshop |
| 29:22 | lipeestrignado · first_building Monastery |
| 29:55 | tbogwald · age_up imperial |
| 30:04 | 喜多川海梦 · first_building Stable |
| 30:32 | Tsukitech · wall_segment Stone Wall x2 |
| 30:59 | Tsukitech · wall_segment Stone Wall x4 |
| 31:30 | 喜多川海梦 · wall_segment Stone Wall x1 |
| 32:32 | Tsukitech · first_building Castle |
| 33:13 | MuchJaguar3116 · first_building Barracks |
| 33:14 | tbogwald · wall_segment Stone Wall x6 |
| 33:19 | MuchJaguar3116 · first_building Siege Workshop |
| 33:21 | 喜多川海梦 · first_market_sell 100 food |
| 33:37 | tbogwald · first_building Castle |
| 33:37 | 咪猫 · age_up imperial |
| 34:43 | tbogwald · first_market_sell 500 food |
| 35:52 | Tsukitech · first_building Archery Range |
| 36:16 | 咪猫 · wall_segment Stone Wall x4 |
| 36:17 | lipeestrignado · first_building Castle |
| 36:38 | lipeestrignado · first_building Siege Workshop |
| 37:50 | lipeestrignado · first_building Barracks |
| 38:23 | madnessss86 · first_building Barracks |
| 38:32 | lipeestrignado · age_up imperial |
| 39:16 | 咪猫 · wall_segment Stone Wall x9 |
| 39:20 | 咪猫 · wall_segment Stone Wall x17 |
| 39:24 | 咪猫 · wall_segment Stone Wall x6 |
| 39:31 | 咪猫 · wall_segment Stone Wall x10 |
| 39:38 | 咪猫 · wall_segment Stone Wall x10 |
| 40:06 | MuchJaguar3116 · wall_segment Stone Wall x7 |
| 41:09 | Tsukitech · wall_segment Stone Wall x1 |
| 41:43 | tbogwald · first_building Siege Workshop |
| 43:19 | 家恒 · first_building Siege Workshop |
| 45:01 | 咪猫 · first_building Castle |
| 45:43 | 咪猫 · first_building Siege Workshop |
| 46:58 | 家恒 · first_building Archery Range |
| 47:45 | 咪猫 · wall_segment Stone Wall x8 |
| 48:36 | MuchJaguar3116 · wall_segment Stone Wall x39 |
| 49:09 | 咪猫 · wall_segment Stone Wall x2 |
| 49:11 | 咪猫 · wall_segment Stone Wall x3 |
| 51:15 | 咪猫 · wall_segment Stone Wall x1 |
| 52:42 | madnessss86 · wall_segment Stone Wall x6 |
| 55:16 | 喜多川海梦 · first_building Siege Workshop |
| 58:03 | 咪猫 · first_market_buy 100 wood |
| 62:28 | 喜多川海梦 · first_market_buy 100 stone |
| 63:07 | tbogwald · first_building Stable |
| 63:39 | lipeestrignado · first_market_buy 100 food |
| 67:39 | 家恒 · first_market_sell 500 stone |
| 69:09 | MuchJaguar3116 · first_market_buy 100 food |
| 69:27 | 喜多川海梦 · tribute_sent a jugador 1 |
| 69:27 | 喜多川海梦 · tribute_sent a jugador 2 |
| 69:27 | 喜多川海梦 · tribute_sent a jugador 3 |
| 69:27 | 喜多川海梦 · tribute_sent a jugador 4 |
| 69:28 | 喜多川海梦 · tribute_sent a jugador 5 |
| 69:28 | 喜多川海梦 · tribute_sent a jugador 6 |
| 69:28 | 喜多川海梦 · tribute_sent a jugador 8 |
| 70:22 | tbogwald · wall_segment Stone Wall x33 |
| 72:00 | MuchJaguar3116 · wall_segment Stone Wall x1 |
| 72:02 | MuchJaguar3116 · wall_segment Stone Wall x1 |
| 72:06 | MuchJaguar3116 · wall_segment Stone Wall x7 |
| 72:40 | tbogwald · wall_segment Stone Wall x3 |
| 72:53 | tbogwald · wall_segment Stone Wall x48 |
| 74:39 | 咪猫 · first_building Archery Range |
| 75:11 | tbogwald · first_building Archery Range |
| 76:37 | tbogwald · wall_segment Stone Wall x30 |
| 77:09 | MuchJaguar3116 · tribute_sent a jugador 1 |
| 77:09 | MuchJaguar3116 · tribute_sent a jugador 2 |
| 77:09 | MuchJaguar3116 · tribute_sent a jugador 3 |
| 77:09 | MuchJaguar3116 · tribute_sent a jugador 5 |
| 77:09 | MuchJaguar3116 · tribute_sent a jugador 6 |
| 77:09 | MuchJaguar3116 · tribute_sent a jugador 7 |
| 77:09 | MuchJaguar3116 · tribute_sent a jugador 8 |
| 77:28 | MuchJaguar3116 · resign |
[ AI ANALYSIS · 1 CREDIT ]
What really happened in this match?
Wolo.gg analyzes every decision: build order, eco, micro, common mistakes by bracket. Personalized analysis on WhatsApp or Discord in 30 seconds.
Civ guide
Magyars
Map guide
Fortress
Perfil
喜多川海梦